cohdb
Replays
Latest Replays
All Replays
Popular Replays
Top Player Replays
Match Explorer
How It Works
Community
CoH3 Stats
Reddit
Sign in to upload your games and track your stats! →
Sign in with Steam
Match 30500073
Unlisted
Match 30500073
Overview
Messages
Build Orders
End
Kradschützen Motorcycle Team
Panzergrenadier Squad
Selects Italian Infantry
250 Light Carrier
Panzergrenadier Squad
Construct Light Support Kompanie
2.5-tonne Medical Truck
Selects Guastatori Squad
Selects L6/40 Light Tank Combat Group
L6/40 Light Tank Combat Group
Guastatori Squad
Fire Support Elements
Selects Sound the Alarm
Guastatori Squad
Pak 38 Mechanized Group
2.5-tonne Medical Truck
Selects Prepared Positions
TidaL
diggler87
sla5021
l13522523084
Superhuman
Foxse
crazymcdazy
恶魔猎手
0
0
Comments
sign in to comment!
No comments posted yet!